 Dungeon Crawl Stone Soup version 0.23.2-40-g277498a (webtiles) character file.

Game seed: 1317129428098719458

1287 chaossdragon the Sneak (level 8, -8/53 HPs)
             Began as an Octopode Enchanter on Sept 30, 2019.
             Mangled by an orc warrior (17 damage)
             ... on level 7 of the Dungeon.
             The game lasted 00:55:50 (5844 turns).

chaossdragon the Sneak (Octopode Enchanter)         Turns: 5844, Time: 00:55:50

Health: -8/53      AC:  1    Str: 10    XL:     8   Next: 55%
Magic:  23/29      EV: 14    Int: 17    God:
Gold:   285        SH:  0    Dex: 12    Spells: 2/11 levels left

rFire    . . .     SeeInvis .   k - +0 dagger (chaos)
rCold    + . .     Gourm    .   (no shield)
rNeg     . . .     Faith    .   (helmet restricted)
rPois    .         Spirit   .   (no amulet)
rElec    .         Reflect  .   i - ring of magical power
rCorr    .         Harm     .   l - +4 ring of slaying
MR       .....                  s - ring of magical power
Stlth    ++++......             o - ring of protection from cold
HPRegen  0.17/turn              (no ring)
MPRegen  0.21/turn              (no ring)
                                (no ring)
                                (no ring)

@: no status effects
A: almost no armour, stealthy swim, amphibious, 8 rings, constrict 8, camouflage
1, gelatinous body 1
a: no special abilities


You were on level 7 of the Dungeon.
You were not hungry.

You visited 1 branch of the dungeon, and saw 9 of its levels.

You collected 285 gold pieces.

Inventory:

Hand Weapons
 d - a +2 long sword of holy wrath
   (You found it on level 6 of the Dungeon)
 h - a +4 spear of flaming
   (You found it on level 6 of the Dungeon)
 k - a +0 dagger of chaos (weapon)
   (You took it off a crimson imp on level 4 of the Dungeon)
 q - a +1 dagger of holy wrath
   (You took it off an orc wizard on level 3 of the Dungeon)
 v - the +9 war axe of Symmetry {antimagic, rElec rPois Str+9 Stlth-, unknown}
   (You found it on level 9 of the Dungeon)

   It reduces the magical energy of the wielder, and disrupts the spells and
   magical abilities of those hit.
   Natural abilities and divine invocations are not affected.
   It affects your strength (+9).
   It insulates you from electricity.
   It protects you from poison.
   It makes you less stealthy.
Missiles
 f - 29 sling bullets
 j - 100 stones (quivered)
 u - a throwing net {!f}
Jewellery
 i - a ring of magical power (left tentacle)
   (You found it on level 2 of the Dungeon)
 l - a +4 ring of slaying (right tentacle)
   (You found it on level 2 of the Dungeon)
 o - a ring of protection from cold (on tentacle)
   (You found it on level 6 of the Dungeon)
 s - a ring of magical power (on tentacle)
   (You found it on level 4 of the Dungeon)
Wands
 c - a wand of disintegration (14)
   (You found it on level 8 of the Dungeon)
 n - a wand of enslavement (6)
   (You found it on level 8 of the Dungeon)
Scrolls
 y - a scroll of teleportation {unknown}
Potions
 a - a potion of magic {unknown}
 g - 2 potions of flight
 m - a potion of lignification {!q}
 p - 2 potions of curing {unknown}
 r - a potion of brilliance {unknown}
 t - a potion of invisibility {unknown}
 w - a potion of haste {unknown}
 x - a potion of ambrosia {unknown}
 z - a potion of agility
 A - a potion of berserk rage {unknown}
Comestibles
 b - 4 chunks of flesh
 e - 12 rations {!d}


   Skills:
 + Level 3.6 Fighting
 * Level 4.8 Short Blades
 + Level 4.0 Dodging
 - Level 7.0 Stealth
 - Level 2.0 Spellcasting
 - Level 6.0 Hexes
 - Level 2.0 Ice Magic


You had 2 spell levels left.
You knew the following spells:

 Your Spells              Type           Power        Failure   Level  Hunger
a - Corona                Hex            ###....      1%          1    #......
c - Confuse               Hex            ###.....     4%          3    ###....
d - Tukima's Dance        Hex            ###.....     4%          3    ###....
x - Ensorcelled Hibernat  Hex/Ice        ###...       5%          2    ###....

Your spell library contained the following spells:

 Spells                   Type           Power        Failure   Level  Hunger
 Slow                     Hex            ###.....     2%          2    ###....
 Magic Dart               Conj           #...         19%         1    #......
 Blink                    Tloc           N/A          28%         2    ###....
 Call Imp                 Summ           #.......     28%         2    ###....
 Searing Ray              Conj           #.....       28%         2    ###....
 Dazzling Spray           Conj/Hex       ##....       17%         3    ###....
 Conjure Flame            Conj/Fire      #.......     50%         3    ###....
 Mephitic Cloud           Conj/Pois/Air  #.......     50%         3    ###....
 Fulminant Prism          Conj/Hex       ##........   50%         4    #####..
 Force Lance              Conj/Tloc      #.......     88%         4    #####..
 Iskenderun's Mystic Bla  Conj           #.......     88%         4    #####..


Dungeon Overview and Level Annotations

Branches:
Dungeon (9/15)             Temple (0/1) D:7            Lair (0/6) D:8
    Orc: D:9-12

Altars:
Okawaru
Ru
Uskayaw
Vehumet
Wu Jian
Xom


Innate Abilities, Weirdness & Mutations

You cannot wear most types of armour.
You are very stealthy in the water. (Stealth+)
You are amphibious.
You can wear up to eight rings at the same time.
You can use your tentacles to constrict eight enemies at once.
Your skin changes colour to match your surroundings (Stealth+).
Your rubbery body absorbs attacks. (AC +1, EV +1)


Message History

You see here 22 stones.
Found 18 gold pieces.
Found a potion of agility.
Found a stone staircase leading up.
You can't see that place.
Found a dagger.
z - a potion of agility Some of the chunks of flesh in your inventory have rotted away.
You see here a dagger.
You now have 285 gold pieces (gained 18).
There is a stone staircase leading up here.
You climb upwards.
There is a stone staircase leading down here.
Found a fuming puce potion.
A - a fuming puce potion
Found 26 bolts.
You see here 26 bolts.
Found 3 gold pieces.
Found a stone staircase leading up.
An orc comes into view. It is wielding a +0 club.
An orc, an orc warrior and an orc wizard come into view.
You see here 3 gold pieces.
The helpless orc fails to defend itself.
You impale the orc!! You burn the orc.
You kill the orc!
The helpless orc wizard fails to defend itself.
You impale the orc wizard!!
You kill the orc wizard!
Things that are here:
a +0 dagger; a +0 robe; an orc corpse The orc warrior shouts!
The orc shouts!
The orc warrior hits you with a +0 glaive!!
The orc hits you with a +0 short sword.
You barely miss the orc warrior. You grab the orc warrior.
Your squeeze misses the orc warrior.
You constrict the orc warrior, but do no damage.
The orc hits you with a +0 short sword!
* * * LOW HITPOINT WARNING * * *
The orc warrior hits you with a +0 glaive!
* * * LOW HITPOINT WARNING * * *
Aim: an orc warrior, wielding a +0 glaive and wearing a +0 chain mail (constricted by you, chance to defeat MR: 62%)
The +0 glaive dances into the air!
You constrict the orc warrior. The orc completely misses you.
Aim: an orc warrior, wearing a +0 chain mail (lightly wounded, constricted by you, chance to defeat MR: 51%)
The orc warrior appears confused.
You constrict the orc warrior, but do no damage.
The orc warrior hits you.
* * * LOW HITPOINT WARNING * * *
The orc hits you but does no damage.
You closely miss the orc. You grab the orc. You constrict the orc warrior.
You constrict the orc. The orc warrior hits you!
You die...

** ,* ,* ,* ,*
*############ ,*
*......o.(..## ### ,*
#......o@))..########.##
,*
#.########$............##
,*
#............###..รท<.....
,* #........#...#
#...<...##
,*****###........##.##
#.......##
,,,,,,............#.#
#.........
,*,,,,<...........#.#
#.......##
*,******#.........#.#
#.......# *,*
#......(....# #.......#*


You could see an orc warrior (confused), an orc and a friendly +0 glaive.

Vanquished Creatures
  A steam dragon (D:9)
  An ogre (D:3)
  A big kobold (D:9)
  A bullfrog (D:9)
  A scorpion (D:4)
  3 howler monkeys (D:9)
  4 crimson imps (D:4)
  3 hounds
  2 orc priests (D:3)
  A bullfrog skeleton (D:4)
  5 orc wizards
  An iguana (D:8)
  5 worker ants
  8 adders
  An adder zombie (D:7)
  2 worms
  6 leopard geckos
  21 orcs
  A ball python (D:3)
  8 giant cockroaches
  9 goblins
  4 hobgoblins
  A jackal (D:4)
  3 quokkas
  4 bats
  4 frilled lizards
  11 kobolds
  8 rats
120 creatures vanquished.

Notes
Turn   | Place    | Note
-------+----------+-------------------------------------------
     0 | D:1      | chaossdragon the Octopode Enchanter began the quest for the
                  | Orb.
     0 | D:1      | Reached XP level 1. HP: 11/11 MP: 3/3
   490 | D:1      | Reached XP level 2. HP: 11/17 MP: 5/5
   494 | D:1      | Learned a level 2 spell: Ensorcelled Hibernation
  1138 | D:2      | Reached XP level 3. HP: 21/21 MP: 3/6
  1145 | D:2      | Learned a level 3 spell: Confuse
  1548 | D:2      | Reached skill level 5 in Stealth
  1548 | D:2      | Reached XP level 4. HP: 27/27 MP: 4/7
  2448 | D:3      | Reached XP level 5. HP: 13/31 MP: 8/8
  2767 | D:3      | Found a hide-covered altar of Uskayaw.
  2767 | D:3      | Found an iron altar of Okawaru.
  2768 | D:3      | Found a sacrificial altar of Ru.
  2778 | D:3      | Found a radiant altar of Vehumet.
  2992 | D:3      | Reached skill level 5 in Hexes
  3424 | D:3      | Reached skill level 6 in Stealth
  3424 | D:3      | Reached skill level 1 in Ice Magic
  3424 | D:3      | Reached XP level 6. HP: 12/36 MP: 9/9
  3680 | D:4      | Learned a level 3 spell: Tukima's Dance
  3967 | D:4      | Found a shimmering altar of Xom.
  4252 | D:4      | Found an ornate altar of the Wu Jian Council.
  4339 | D:4      | Reached XP level 7. HP: 39/41 MP: 10/10
  4441 | D:3      | Reached skill level 1 in Fighting
  4820 | D:4      | Reached skill level 7 in Stealth
  5094 | D:5      | Entered Level 5 of the Dungeon
  5184 | D:5      | You fall through a shaft for 2 floors!
  5392 | D:6      | You fall through a shaft for 3 floors!
  5400 | D:9      | Got a bloodstained war axe
  5430 | D:9      | Noticed a two-headed ogre
  5446 | D:9      | Noticed a two-headed ogre
  5482 | D:9      | Reached XP level 8. HP: 51/51 MP: 11/11
  5693 | D:8      | Found a staircase to the Lair.
  5844 | D:7      | Mangled by an orc warrior

Skill      XL: |  1  2  3  4  5  6  7  8 |
---------------+-------------------------+-----
Hexes          | 4 5 6 |  6.0
Stealth        | 5 6 7 |  7.0
Short Blades   | 2 3 4 |  4.8
Ice Magic      | 1 2 |  2.0
Fighting       | 2 3 |  3.6
Dodging        | 3 4 |  4.0
Spellcasting   | |  2.0

Action                   |  1- 3 |  4- 6 |  7- 9 || total
-------------------------+-------+-------+-------++-------
Melee: Dagger            |    48 |    94 |    75 ||   217
       Constrict         |     8 |    22 |    18 ||    48
       Tentacles         |     6 |    17 |     8 ||    31
 Cast: Corona            |     7 |     3 |       ||    10
       Ensorcelled Hiber |    10 |    29 |    17 ||    56
       Confuse           |     1 |     2 |     2 ||     5
       Tukima's Dance    |       |     4 |     2 ||     6
  Use: Scroll            |     3 |     5 |     3 ||    11
       Potion            |       |     2 |     2 ||     4
 Stab: Sleeping          |    12 |    26 |    17 ||    55
  Eat: Chunk             |     3 |     8 |     6 ||    17
       Ration            |       |     1 |       ||     1
Armor: Skin              |     4 |     3 |     2 ||     9
Dodge: Dodged            |    30 |    62 |    34 ||   126
